 Dungeon Crawl Stone Soup version 0.20-a0-1114-g33edf32 (webtiles) character file.

16 Monsterracer the Changer (level 2, 0/25 HPs)
             Began as a Naga Transmuter on May 6, 2017.
             Slain by a jackal (2 damage)
             ... on level 1 of the Dungeon.
             The game lasted 00:02:38 (605 turns).

Monsterracer the Changer (Naga Transmuter)           Turns: 605, Time: 00:02:38

Health: 0/25       AC:  1    Str: 12    XL:     2   Next: 58%
Magic:  4/5        EV: 10    Int: 13    God:
Gold:   44         SH:  0    Dex: 11    Spells: 4/5 levels left

rFire    . . .     SeeInvis +     - Unarmed
rCold    . . .     Gourm    .   (no shield)
rNeg     . . .     Faith    .   b - +0 robe
rPois    +         Spirit   .   (no helmet)
rElec    .         Reflect  .   (no cloak)
rCorr    .         Harm     .   (no gloves)
MR       .....                  (no barding)
Stlth    +.........             (no amulet)
Regen    0.1/turn               (no ring)
MPRegen  0.1/turn               (no ring)

@: short of breath, appendage, very slow
A: horns 2, see invisible, deformed body, poison resistance, slowness 2, slow
metabolism 1, spit poison 1, AC +0
a: Spit Poison, End Transformation


You were on level 1 of the Dungeon.
You were not hungry.
You had grown temporary horns.
You visited 1 branch of the dungeon, and saw 1 of its levels.

You collected 44 gold pieces.

Inventory:

Missiles
 a - 12 arrows
Armour
 b - a +0 robe (worn)
 g - a +1 ring mail of fire resistance
Scrolls
 e - a scroll of random uselessness {unknown}
 h - a scroll of amnesia {unknown}
 i - a scroll of teleportation {unknown}
Books
 c - a book of Changes

   Spells                             Type                      Level
   a - Beastly Appendage              Transmutation                1
   b - Sticks to Snakes               Transmutation                2
   c - Spider Form                    Transmutation/Poison         3
   d - Ice Form                       Ice/Transmutation            4
   e - Blade Hands                    Transmutation                5
Comestibles
 d - 2 bread rations
 f - 2 fruits


   Skills:
 - Level 1.0 Fighting
 - Level 1.5 Dodging
 - Level 3.0 Unarmed Combat
 - Level 2.0 Spellcasting
 + Level 3.1 Transmutations


You had 4 spell levels left.
You knew the following spells:

 Your Spells              Type           Power        Failure   Level  Hunger
a - Beastly Appendage     Tmut           #.....       7%          1    ##.....


Dungeon Overview and Level Annotations

Branches:
Dungeon (1/15)

Altars:


Innate Abilities, Weirdness & Mutations

You cannot wear boots.
Your serpentine skin is tough. (AC +0)
You have supernaturally acute eyesight. (SInv)
Armour fits poorly on your strangely shaped body.
Your system is resistant to poisons. (rPois)
You cover ground very slowly.
You have a slow metabolism.
You can spit poison.
You have a pair of horns on your head.


Message History

Aim: a jackal The splash of poison misses the jackal.
You feel slightly more hungry. The jackal bites you. The hobgoblin hits you.
You hit the jackal but do no damage. The jackal bites you.
The hobgoblin hits you.
You hit the jackal but do no damage. The jackal bites you.
The jackal misses you.
Casting: Beastly Appendage
Confirm with . or Enter, or press ? or * to list all spells.
You grow a pair of large bovine horns.
The hobgoblin closely misses you. The jackal closely misses you.
You hit the jackal.
The jackal is almost dead.
The jackal bites you.
* * * LOW HITPOINT WARNING * * *
The hobgoblin hits you.
* * * LOW HITPOINT WARNING * * *
The jackal closely misses you. The hobgoblin barely misses you.
The jackal bites you.
You die...

......[###..#....
###.#.## #.## # .#
....#.# #.# .# .# #..#
#.#######.#### ##.##
#.#..........#
#..#####............#
#.##>...............
###.##.##...#####h.#
.#..#..#........@$.#
................†g.#
.....###.#.........#
####..........##.#.....#
# #..#.....#####.#..####
###.##.##.## #.#..#
#......##. #.#..#
#...### #. #.#..#
......# #. #.#..#


You could see a jackal and a hobgoblin.

Vanquished Creatures
  A dart slug (D:1)
  A leopard gecko (D:1)
  2 goblins (D:1)
  2 jackals (D:1)
  A ball python (D:1)
  7 bats (D:1)
14 creatures vanquished.

Notes
Turn   | Place    | Note
-------+----------+-------------------------------------------
     0 | D:1      | Monsterracer the Naga Transmuter began the quest for the Orb.
     0 | D:1      | Reached XP level 1. HP: 18/18 MP: 3/3
   283 | D:1      | Reached XP level 2. HP: 21/25 MP: 3/5
   605 | D:1      | Slain by a jackal

Vault maps used:
D:1:      lemuel_arrival_funnel, minmay_hexomino_f4

Skill      XL: |  1  2 |
---------------+-------+-----
Transmutations | 3 |  3.1
Fighting       | |  1.0
Dodging        | |  1.5
Unarmed Combat | |  3.0
Spellcasting   | |  2.0

Action                   || total
-------------------------++-------
Melee: Unarmed           ||    49
       Headbutt          ||     2
 Cast: Beastly Appendage ||     6
 Abil: Spit Poison       ||     7
Armor: Robe              ||    23
Dodge: Dodged            ||    55
